 Dungeon Crawl Stone Soup version 0.27.0-1-g7a08968 (webtiles) character file.

Game seed: 18255510396379729878

18 Illumine the Grasshopper (level 2, -3/16 HPs)
             Began as a Deep Elf Warper on Aug 11, 2021.
             Succumbed to an adder's poison
             ... on level 2 of the Dungeon.
             The game lasted 00:03:01 (1900 turns).

Illumine the Grasshopper (Deep Elf Warper)          Turns: 1900, Time: 00:03:01

Health: -3/16      AC:  4    Str:  8    XL:     2   Next: 48%
Magic:  8/8        EV: 12    Int: 17    God:
Gold:   49         SH:  0    Dex: 14    Spells: 5/7 levels left

rFire    . . .     SeeInvis .   a - +0 short sword
rCold    . . .     Faith    .   (no shield)
rNeg     . . .     Spirit   .   b - +0 leather armour
rPois    .         Reflect  .   (no helmet)
rElec    .         Harm     .   (no cloak)
rCorr    .         Rampage  .   h - +0 pair of gloves
Will     .....                  (no boots)
Stlth    +.........             (no amulet)
HPRegen  0.05/turn              (no ring)
MPRegen  0.11/turn              (no ring)

@: lethally poisoned (-3 -> -18)
A: no striking features
a: no special abilities


You were on level 2 of the Dungeon.
You visited 1 branch of the dungeon, and saw 2 of its levels.

You collected 49 gold pieces.

Inventory:

Hand Weapons
 a - a +0 short sword (weapon)
Missiles
 d - a boomerang of dispersal (quivered)
 i - 20 stones
 j - 30 bolts
Armour
 b - a +0 leather armour (worn)
 h - a +0 pair of gloves (worn)
Scrolls
 c - a scroll of blinking
 f - a scroll of acquirement {unknown}
 g - a scroll of magic mapping {unknown}
Potions
 e - a potion of curing {unknown}


   Skills:
 - Level 1.5 Fighting
 * Level 2.4 Short Blades
 - Level 1.0 Throwing
 - Level 0.7 Armour
 - Level 2.4 Dodging
 + Level 3.4 Spellcasting
 - Level 3.6 Translocations


You had 5 spell levels left.
You knew the following spells:

 Your Spells              Type           Power      Damage    Failure   Level
a - Blink                 Tloc           N/A        N/A       8%          2

Your spell library contained the following spells:

 Spells                   Type           Power      Damage    Failure   Level
 Gell's Gravitas          Tloc           7%         N/A       16%         3
 Lesser Beckoning         Tloc           7%         N/A       16%         3
 Teleport Other           Tloc           15%        N/A       16%         3
 Manifold Assault         Tloc           15%        N/A       82%         5


Dungeon Overview and Level Annotations

Branches:
Dungeon (2/15)

Altars:


Message History

You hit the adder.
The adder is almost dead.
The adder closely misses you. The adder bites you.
You hit the adder.
The adder is almost dead.
The adder closely misses you.
You hit the adder but do no damage.
The adder is almost dead.
The adder bites you.
You miss the adder.
The adder is almost dead.
The adder bites you.
You are poisoned.
The adder poisons you!
Throw: 4 boomerangs (disperse)
Press: ? - help, Q - select action, (/) - cycle Shift-Dir - straight line, f - adder
Aim: an adder (almost dead, 38% to hit)
You throw a boomerang of dispersal.
The boomerang of dispersal barely misses the adder.
* * * LOW HITPOINT WARNING * * *
You feel sick. The adder completely misses you. x2
Throw: 3 boomerangs (disperse)
Press: ? - help, Q - select action, (/) - cycle Shift-Dir - straight line, f/p - adder
Aim: an adder (almost dead, 38% to hit)
You throw a boomerang of dispersal.
The boomerang of dispersal barely misses the adder.
* * * LOW HITPOINT WARNING * * *
You feel sick. The adder bites you.
* * * LOW HITPOINT WARNING * * *
You are more poisoned.
The adder poisons you! The adder bites you.
* * * LOW HITPOINT WARNING * * *
You are more poisoned.
The adder poisons you!
Throw: 2 boomerangs (disperse)
Press: ? - help, Q - select action, (/) - cycle Shift-Dir - straight line, f/p - adder
Aim: an adder (almost dead, 38% to hit)
You throw a boomerang of dispersal.
The boomerang of dispersal completely misses the adder.
You die...

#. ..# ..#..###
##..>...###
..........
#....... .....
#..# #S# ##@#
#..#
..######.#####..
................
.
...####.#####..#
... ###.#
.....###...#
..........###..#
########......#


You could see an adder.

Vanquished Creatures
  2 dart slugs (D:1)
  An endoplasm (D:1)
  2 goblins (D:1)
  2 hobgoblins (D:1)
  A quokka (D:1)
  A ball python (D:1)
  3 bats (D:1)
  A frilled lizard (D:1)
  A kobold (D:2)
  A rat (D:1)
15 creatures vanquished.

Notes
Turn   | Place    | Note
-------+----------+-------------------------------------------
     0 | D:1      | Illumine the Deep Elf Warper began the quest for the Orb.
     0 | D:1      | Reached XP level 1. HP: 12/12 MP: 6/6
   315 | D:1      | Reached XP level 2. HP: 3/16 MP: 8/8
   569 | D:1      | Learned a level 2 spell: Blink
  1900 | D:2      | Succumbed to an adder's poison

Illustrated notes

Levels and vault maps discovered:
D:1:      psy_arrival_fountain, layout_loops_corners,
          chequers_serial_rivers_large_a
D:2:      layout_rooms, hellmonk_ecumenical_altar_lost_god,
          minmay_worlds_worst_comb

Action                   || total
-------------------------++-------
Melee: Short sword       ||    86
Throw: Stone             ||     5
       Boomerang         ||     4
Armor: Leather armour    ||    31
Dodge: Dodged            ||    60
